 Dungeon Crawl Stone Soup version 0.20-a0-899-g09a9bfb (webtiles) character file.

59 4thArraOfDagon the Skirmisher (level 3, -12/29 HPs)
             Began as a Mummy Wanderer on Mar 18, 2017.
             Killed themself with a badly aimed fireball (18 damage)
             ... on level 3 of the Dungeon.
             The game lasted 00:01:56 (338 turns).

4thArraOfDagon the Skirmisher (Mummy Wanderer)       Turns: 338, Time: 00:01:57

Health: -12/29     AC:  9    Str: 17    XL:     3   Next: 78%
Magic:  5/5        EV:  9    Int: 12    God:
Gold:   67         SH:  0    Dex:  9    Spells: 4/4 levels left

rFire    x . .     SeeInvis .   h - +0 whip
rCold    + . .     Gourm    .   a - +2 scale mail
rNeg     + + +     Faith    .   (no shield)
rPois    ∞         Spirit   .   (no helmet)
rElec    .         Reflect  .   (no cloak)
rCorr    .         Harm     .   e - +0 pair of gloves
MR       +....                  (no boots)
Stlth    ..........             g - amulet of inaccuracy (curse)
Regen    0.1/turn               (no ring)
MPRegen  0.1/turn               f - ring of protection from magic

@: no status effects
A: no food or potions, fire vulnerability, cold resistance 1, negative energy
resistance 3, torment resistance, unbreathing
a: no special abilities


You were on level 3 of the Dungeon.
You were not hungry.

You visited 1 branch of the dungeon, and saw 4 of its levels.

You collected 67 gold pieces.

Inventory:

Hand Weapons
 d - a +0 club
 h - a +0 whip (weapon)
Armour
 a - a +2 scale mail (worn)
 e - a +0 pair of gloves (worn)
Jewellery
 f - a ring of protection from magic (left hand)
 g - a cursed amulet of inaccuracy (around neck)
Wands
 c - a wand of random effects (5/48)
Books
 b - the Collected Works on Earth

   Spells                             Type                      Level
   a - Sandblast                      Earth                        1
   b - Stone Arrow                    Conjuration/Earth            3


   Skills:
 + Level 3.5 Fighting
   Level 1.5 Axes
 - Level 1.0 Armour
   Level 1.0 Shields
 - Level 1.3 Spellcasting
   Level 1.5 Air Magic
   Level 1.5 Poison Magic
 - Level 1.0 Evocations


You had 4 spell levels left.
You didn't know any spells.

Dungeon Overview and Level Annotations

Branches:
Dungeon (4/15)
 Temple: D:4-7

Altars:

Annotations:
D:2 Terence
D:4 4thArraOfDagon's ghost, weakling DgWn


Innate Abilities, Weirdness & Mutations

You do not eat or drink.
Your flesh is vulnerable to fire.
You are immune to poison.
Your flesh is cold resistant. (rC+)
You are immune to negative energy. (rN+++)
You are immune to unholy pain and torment.
You can survive without breathing.


Message History

* * * LOW HITPOINT WARNING * * *
Unknown command.
Evoke which item? (* to show all) (? for menu, Esc to quit)
Aiming: Random Effects
Press: ? - help, Shift-Dir - straight line, f/p - goblin
Aim: a goblin Nothing appears to happen.
This wand has 5 charges left.
Something hits you.
* * * LOW HITPOINT WARNING * * *
Unknown command.
Evoke which item? (* to show all) (? for menu, Esc to quit)
Aiming: Random Effects
Press: ? - help, Shift-Dir - straight line, f/p - goblin
Aim: a goblin The fireball explodes!
The fireball engulfs something.
Reactivating autopickup.
Your Fighting skill increases to level 3!
You feel a bit more experienced. The fireball engulfs you!
The fire burns you terribly!
Ouch! That really hurt!
You die...

#.........#
+.........+
.....[... (......
..... ... #'# #@#
#)# #.#######g#
#.....g.o#.......
#####.#......###.
#.##.....#
#g###......# #.#
.#..###
#o###.#..#


You could see an orc and a goblin.

Vanquished Creatures
  An orc wizard (D:3)
  A worker ant (D:4)
  A leopard gecko (D:2)
  A goblin (D:1)
  2 hobgoblins (D:1)
  A quokka (D:3)
  2 rats (D:1)
9 creatures vanquished.

Notes
Turn   | Place    | Note
-------+----------+-------------------------------------------
     0 | D:1      | 4thArraOfDagon the Mummy Wanderer began the quest for the Orb.
     0 | D:1      | 4thArraOfDagon set off with: a +2 scale mail, the Collected Works on Earth, a wand of random effects (15/48), a +0 club
     0 | D:1      | Reached XP level 1. HP: 13/13 MP: 2/2
     3 | D:1      | Identified the Collected Works on Earth
   127 | D:1      | Reached skill level 1 in Fighting
   182 | D:2      | Noticed Terence
   225 | D:3      | Reached XP level 2. HP: 16/22 MP: 4/4
   298 | D:4      | Reached skill level 2 in Fighting
   298 | D:4      | Reached XP level 3. HP: 14/28 MP: 5/5
   313 | D:4      | Noticed 4thArraOfDagon's ghost (weakling DgWn)
   338 | D:3      | Reached skill level 3 in Fighting
   338 | D:3      | Killed themself with a badly aimed fireball

Vault maps used:
D:1:      tarquinn_simple_flora_water_c
D:2:      uniq_terence, uniq_crazy_yiuf_cottage
D:3:      portal_sewer_entry_a, minmay_statues_item, supply_closet_lemuel,
          grunt_decor_one_mirror
D:4:      kennysheep_mini, hex_large

Skill      XL: |  1  2  3 |
---------------+----------+-----
Fighting       | 1 2 3 |  3.5
Axes           | |  1.5
Armour         | |  1.0
Shields        | |  1.0
Spellcasting   | |  1.3
Air Magic      | |  1.5
Poison Magic   | |  1.5
Evocations     | |  1.0

Action                   || total
-------------------------++-------
Melee: Club              ||    39
       Whip              ||     2
Evoke: Wand              ||    10
  Use: Scroll            ||     1
Armor: Scale mail        ||    21
Dodge: Dodged            ||    33
